 Dungeon Crawl Stone Soup version 0.29.1-2-gbd0b4ee654 (webtiles) character file.

Game seed: 8513040870034567939

830 Doomgape the Blocker (level 7, -6/41 HPs)
             Began as a Gargoyle Fighter on Oct 23, 2022.
             Mangled by a kobold brigand
             ... wielding a +1 rapier of distortion
              (18 damage)
             ... on level 5 of the Dungeon.
             The game lasted 00:09:01 (3871 turns).

Doomgape the Blocker (Gargoyle Fighter)             Turns: 3871, Time: 00:09:01

Health: -6/41      AC: 17    Str: 21    XL:     7   Next: 97%
Magic:  7/7        EV:  6    Int:  9    God:
Gold:   220        SH: 10    Dex:  9    Spells: 6/6 levels left

rFire   . . .      SeeInvis .   d - +0 flail (holy)
rCold   + . .      Faith    .   q - +0 kite shield
rNeg    + . .      Spirit   .   h - +2 chain mail {rC+}
rPois   ∞          Reflect  .   s - +1 hat
rElec   +          Harm     .   (no cloak)
rCorr   .          Rampage  .   (no gloves)
Will    .....                   (no boots)
Stlth   ..........              (no amulet)
HPRegen 0.13/turn               (no ring)
MPRegen 0.10/turn               (no ring)

@: hasted, very quick
A: sickness immunity, AC +4, negative energy resistance 1, electricity
resistance, torment resistance 1, petrification resistance
a: no special abilities


You were on level 5 of the Dungeon.
You visited 1 branch of the dungeon, and saw 5 of its levels.

You collected 220 gold pieces.

Inventory:

Hand Weapons
 d - a +0 flail of holy wrath (weapon)
 t - a +1 dire flail of protection
Armour
 h - a +2 chain mail of cold resistance (worn)
 q - a +0 kite shield (worn)
 s - a +1 hat (worn)
Jewellery
 g - a ring of protection from cold
Wands
 j - a wand of flame (18)
Scrolls
 b - a scroll of enchant armour {unknown}
 c - a scroll of butterflies
 n - a scroll of teleportation
Potions
 e - a potion of invisibility {unknown}
 f - 2 potions of flight {unknown}
 k - a potion of berserk rage {unknown}
 l - a potion of resistance {unknown}
 m - a potion of magic {unknown}
 o - 2 potions of brilliance {unknown}
 p - 3 potions of curing {unknown}
 r - a potion of lignification {unknown}


   Skills:
 - Level 3.3 Fighting
 + Level 5.3 Maces & Flails
 - Level 3.3 Armour
 - Level 8.4 Shields


You had 6 spell levels left.
You didn't know any spells.
Your spell library contained the following spells:

 Spells                   Type           Power      Damage    Failure   Level
 Ensorcelled Hibernation  Hex/Ice        0%         N/A       100%        2
 Passwall                 Tmut/Erth      0%         N/A       100%        2
 Call Canine Familiar     Summ           0%         N/A       100%        3
 Portal Projectile        Hex/Tloc       0%         N/A       100%        3
 Swiftness                Air            0%         N/A       100%        3
 Leda's Liquefaction      Hex/Erth       0%         N/A       100%        4


Dungeon Overview and Level Annotations

Branches:
Dungeon (5/15)
 Temple: D:4-7

Altars:
Cheibriados
Kikubaaqudgha
Lugonu

Annotations:
D:5 1 runed translucent door


Innate Abilities, Weirdness & Mutations

You are immune to sickness and miasma.
Your stone body is resilient. (AC +4)
You are immune to poison.
You resist negative energy. (rN+)
You are resistant to electric shocks. (rElec)
You are resistant to unholy torment.
You are immune to petrification.


Message History

You can't go down here!
You enter the shallow water.
Moving in this stuff is going to be slow.
There is a collapsed entrance here.
You enter the shallow water.
Moving in this stuff is going to be slow.
There is a collapsed entrance here.
You enter the shallow water.
Moving in this stuff is going to be slow.
There is a collapsed entrance here.
You enter the shallow water.
Moving in this stuff is going to be slow.
There is an open translucent door here.
Things that are here:
a bullfrog corpse; an adder corpse The kobold shouts!
You open the large door.
The kobold brigand attacks as you move away!
The kobold brigand hits you with a +1 rapier of distortion.
Space warps horribly around you!
Things that are here:
a bullfrog corpse; an adder corpse You closely miss the kobold brigand.
The kobold brigand hits you with a +1 rapier of distortion!
Space warps around you.
You closely miss the kobold brigand.
The kobold brigand hits you but does no damage.
The kobold brigand hits you with a +1 rapier of distortion.
You closely miss the kobold brigand.
The kobold brigand hits you but does no damage.
Space warps horribly around you!
* * * LOW HITPOINT WARNING * * *
You feel much better.
The kobold brigand hits you with a +1 rapier of distortion.
You feel yourself speed up. You block the kobold brigand's attack.
You miss the kobold brigand.
The kobold brigand hits you with a +1 rapier of distortion!
* * * LOW HITPOINT WARNING * * *
Space warps horribly around you!!
You die...

..§§. .§§.. §§.. #.§#
## #..# #. #'K# #.
#..################
#.##KK##.#~~~~~~~~~#.##
#...KKK@.'~~~~.~~~~+..#
##.#####.#~~~~~~~~~#..#
#.# ##############.#
#.# # #.# #.# #.#
###########.#
....>....[..#


You could see 2 kobold brigands and 3 kobolds.

Vanquished Creatures
  The ghost of kwasso the Digger, an amateur DrEE of Jiyva (D:5)
  Edmund (D:4)
  An ogre (D:4)
  Blork the orc (D:4)
  A bullfrog (D:5)
  A hound (D:4)
  Crazy Yiuf (D:4)
  Terence (D:3)
  2 iguanas (D:4)
  3 gnolls (D:4)
  3 adders
  A river rat (D:5)
  A worm (D:2)
  5 dart slugs
  5 orcs (D:4)
  7 ball pythons
  4 endoplasms
  6 giant cockroaches
  7 goblins
  5 hobgoblins
  3 jackals (D:1)
  3 quokkas
  4 bats
  A frilled lizard (D:1)
  8 kobolds
  2 rats (D:2)
78 creatures vanquished.

Vanquished Creatures (collateral kills)
  5 orcs (D:3)
5 creatures vanquished.

Grand Total: 83 creatures vanquished

Notes
Turn   | Place    | Note
-------+----------+-------------------------------------------
     0 | D:1      | Doomgape the Gargoyle Fighter began the quest for the Orb.
     0 | D:1      | Reached XP level 1. HP: 14/14 MP: 1/1
   126 | D:1      | Reached XP level 2. HP: 16/19 MP: 2/2
   349 | D:1      | Reached skill level 4 in Shields
   606 | D:1      | Reached XP level 3. HP: 22/23 MP: 3/3
  1219 | D:2      | Reached XP level 4. HP: 28/28 MP: 4/4
  1639 | D:3      | Noticed Terence
  1663 | D:3      | Killed Terence
  1664 | D:3      | Reached skill level 5 in Shields
  1696 | D:3      | Found an ancient bone altar of Kikubaaqudgha.
  1760 | D:3      | Found a snail-covered altar of Cheibriados.
  1849 | D:3      | Found a faded altar of an unknown god.
  1849 | D:3      | Noticed a Hell Sentinel
  2000 | D:4      | Noticed Edmund
  2012 | D:4      | Killed Edmund
  2013 | D:4      | Reached skill level 6 in Shields
  2013 | D:4      | Reached XP level 5. HP: 21/32 MP: 5/5
  2013 | D:4      | Reached XP level 6. HP: 24/37 MP: 6/6
  2299 | D:4      | Noticed Blork the orc
  2474 | D:4      | Killed Blork the orc
  2818 | D:4      | Reached skill level 7 in Shields
  3081 | D:4      | Reached XP level 7. HP: 14/41 MP: 7/7
  3460 | D:4      | Found a runed translucent door.
  3461 | D:4      | Noticed Crazy Yiuf
  3470 | D:4      | Killed Crazy Yiuf
  3760 | D:5      | Entered Level 5 of the Dungeon
  3782 | D:5      | Found a large runed translucent door.
  3783 | D:5      | Found a runed translucent door.
  3784 | D:5      | Found a large runed translucent door.
  3784 | D:5      | Found a corrupted altar of Lugonu.
  3786 | D:5      | Noticed kwasso's ghost (amateur DrEE)
  3824 | D:5      | Killed kwasso's ghost
  3825 | D:5      | Reached skill level 5 in Maces & Flails
  3825 | D:5      | Reached skill level 8 in Shields
  3834 | D:5      | Found a runed translucent door.
  3871 | D:5      | Mangled by a kobold brigand

Illustrated notes

Levels and vault maps discovered:
D:1:      saegor_arrival_under_anarchy, layout_rooms, minmay_tetromino_i4
D:2:      layout_rooms
D:3:      layout_rooms, overflow_temple_1_default, kennysheep_slug_shrine,
          dreamdust_ecumenical_altar_sealed_demon, uniq_terence
D:4:      layout_loops_corners, kennysheep_generic_room_8, uniq_blork_the_orc,
          uniq_crazy_yiuf_cottage, uniq_edmund
D:5:      due_chaos_kobolds, layout_loops_ring, overflow_temple_1_default,
          minmay_temple_entry_grid, ebering_ghost_sewer_f, uniq_prince_ribbit1

Skill      XL: |  1  2  3  4  5  6  7 |
---------------+----------------------+-----
Shields        | 4 6 7 8 |  8.4
Maces & Flails | 3 4 5 |  5.3
Fighting       | |  3.3
Armour         | |  3.3

Action                   |  1- 3 |  4- 6 |  7- 9 || total
-------------------------+-------+-------+-------++-------
Melee: Flail             |   113 |   127 |    67 ||   307
Evoke: Wand              |       |     4 |       ||     4
  Use: Scroll            |       |     5 |     1 ||     6
       Potion            |       |     4 |     2 ||     6
Armor: Scale mail        |    81 |    47 |       ||   128
       Chain mail        |       |       |    30 ||    30
Dodge: Dodged            |    52 |    51 |     9 ||   112
Block: Buckler           |    36 |     6 |       ||    42
       Kite shield       |       |    63 |    35 ||    98
